 Dungeon Crawl Stone Soup version 0.22.1-1-ga44c0e5 (webtiles) character file.

1075 MalarOregon the Ducker (level 8, 0/90 HPs)
             Began as a Merfolk Ice Elementalist on Nov 11, 2018.
             Was an Initiate of Ashenzari.
             Slain by a black bear (1 damage)
             ... on level 6 of the Dungeon.
             The game lasted 00:16:43 (5716 turns).

MalarOregon the Ducker (Merfolk Ice Elementalist)   Turns: 5716, Time: 00:16:43

Health: 0/90       AC: 24    Str:  8    XL:     8   Next: 29%
Magic:  0/12       EV:  2    Int: 16    God:    Ashenzari [......]
Gold:   265        SH:  0    Dex: 20    Spells: 2/13 levels left

rFire    . . .     SeeInvis .   o - staff of air
rCold    . . .     Gourm    .   (no shield)
rNeg     + + +     Faith    .   (armour currently unavailable)
rPois    +         Spirit   .   (helmet currently unavailable)
rElec    +         Reflect  .   (cloak currently unavailable)
rCorr    .         Harm     .   (gloves currently unavailable)
MR       .....     NoTele   +   (boots currently unavailable)
Stlth    +++.......             (no amulet)
HPRegen  0.25/turn              k - ring of positive energy
MPRegen  0.13/turn              (no ring)

@: agile, tree-form, very slightly contaminated
A: (change form in water), (swift swim), (stealthy swim)
a: Curse Item, Renounce Religion


You were on level 6 of the Dungeon.
You worshipped Ashenzari.
Ashenzari was noncommittal.
You were hungry.
You were a tree.
You visited 2 branches of the dungeon, and saw 7 of its levels.

You collected 314 gold pieces.
You spent 49 gold pieces at shops.

Inventory:

Missiles
 h - 6 needles of sleeping
Armour
 a - a +2 robe (melded)
 f - a scarf of repulsion (melded)
   (You found it on level 1 of the Dungeon)
 q - a +1 pair of gloves (melded)
   (You found it on level 5 of the Dungeon)
 s - a +0 pair of boots (melded)
   (You bought it in a shop on level 5 of the Dungeon)
Magical Staves
 o - an uncursed staff of air (weapon)
   (You found it on level 3 of the Dungeon)
Jewellery
 k - a ring of positive energy (left branch)
   (You found it on level 2 of the Dungeon)
 r - an uncursed ring of fire
   (You found it on level 4 of the Dungeon)
Wands
 n - a wand of polymorph (11)
   (You found it on level 5 of the Dungeon)
Scrolls
 g - 4 scrolls of teleportation {@r4}
 j - 2 scrolls of identify {@r1}
 p - a scroll of magic mapping
Potions
 d - 2 potions of flight
 i - a potion of cancellation
 l - 3 potions of haste {@q3}
Comestibles
 e - 8 rations {!d}
 t - a chunk of flesh


   Skills:
 + Level 3.7 Fighting
 + Level 2.3 Staves
 + Level 5.6 Dodging
 - Level 2.1 Stealth
 - Level 3.0 Spellcasting
 + Level 2.9 Conjurations
 + Level 2.8 Summonings
 - Level 5.0 Ice Magic
 + Level 2.8 Evocations


You had 2 spell levels left.
You knew the following spells:

 Your Spells              Type           Power        Failure   Level  Hunger
a - Freeze                Ice            ###.         2%          1    #......
c - Throw Icicle          Conj/Ice       ###.....     36%         4    #####..
d - Summon Ice Beast      Ice/Summ       ##......     36%         4    #####..
x - Throw Frost           Conj/Ice       ###...       5%          2    ##.....

Your spell library contained the following spells:

 Spells                   Type           Power        Failure   Level  Hunger
 Ozocubu's Armour         Chrm/Ice       ##......     21%         3    ###....


Dungeon Overview and Level Annotations

Branches:
Dungeon (6/15)             Temple (1/1) D:5

Altars:
Ashenzari
Cheibriados
Dithmenos
Elyvilon
Fedhas
Kikubaaqudgha
Makhleb
Nemelex Xobeh
Okawaru
Qazlal
Ru
Sif Muna
Trog
Vehumet
Wu Jian
Xom
Yredelemnul
Zin
The Shining One

Shops:
D:5 [(*


Message History

The black bear bites you but does no damage.
The black bear claws you but does no damage. x2
You hit the black bear.
The black bear bites you but does no damage.
The black bear claws you but does no damage.
The black bear completely misses you.
The black bear bites you but does no damage.
The black bear claws you.
* * * LOW HITPOINT WARNING * * *
The black bear claws you but does no damage.
You hit the black bear.
The black bear bites you but does no damage.
The black bear claws you but does no damage. x2
You hit the black bear but do no damage.
The black bear bites you but does no damage.
The black bear barely misses you.
The black bear claws you but does no damage.
Aim: a black bear (moderately wounded)
You freeze the black bear. The black bear barely misses you.
The black bear claws you but does no damage. x2
You hit the black bear.
The black bear bites you but does no damage.
The black bear claws you but does no damage. x2
You hit the black bear but do no damage.
The black bear bites you.
* * * LOW HITPOINT WARNING * * *
The black bear claws you but does no damage. x2
You closely miss the black bear. The black bear barely misses you.
The black bear claws you but does no damage. x2
You hit the black bear. The black bear barely misses you.
The black bear claws you but does no damage. x2
You barely miss the black bear.
The black bear goes berserk!
You hit the black bear. The black bear bites you!
* * * LOW HITPOINT WARNING * * *
The black bear claws you.
* * * LOW HITPOINT WARNING * * *
The black bear claws you but does no damage.
The black bear bites you but does no damage.
The black bear claws you but does no damage. x2
Aim: a black bear (severely wounded, berserk, fast, unusually strong)
You freeze the black bear.
The black bear bites you but does no damage.
The black bear claws you but does no damage. x2
Aim: a black bear (almost dead, berserk, fast, unusually strong, chance to
Okay, then.
You closely miss the black bear.
The black bear completely misses you. x2
The black bear claws you but does no damage.
The black bear bites you but does no damage.
The black bear claws you.
You die...

#(...#
#....#
######....#
#....#....#
#....#....#
#....#....#
#....#.<..#
#...)#h...#
+...)♣....#
#...)#....#
######....#
#....#
#....#
#....#
#....#
#....#


You could see a black bear (berserk).

Vanquished Creatures
  Pikel (D:5)
  A centaur (D:4)
  A bullfrog (D:6)
  2 scorpions (D:4)
  A howler monkey (D:5)
  2 crimson imps (D:5)
  An orc priest (D:4)
  A worker ant (D:4)
  An iguana (D:5)
  2 orc wizards
  2 worker ant zombies (D:5)
  6 adders
  3 oozes
  An adder zombie (D:3)
  6 worms
  2 dart slugs
  10 orcs
  6 bats
  3 giant cockroaches
  7 hobgoblins
  7 jackals
  4 kobolds
  4 frilled lizards
  17 goblins
  A leopard gecko skeleton (D:3)
  A quokka skeleton (D:4)
  3 rats (D:1)
96 creatures vanquished.

Vanquished Creatures (collateral kills)
  A killer bee zombie (D:5)
1 creature vanquished.

Vanquished Creatures (others)
  2 slaves (D:5)
  2 orc priests (D:5)
  An adder (D:5)
  2 orcs (D:5)
  3 jackals (D:5)
10 creatures vanquished.

Grand Total: 107 creatures vanquished

Notes
Turn   | Place    | Note
-------+----------+-------------------------------------------
     0 | D:1      | MalarOregon the Merfolk Ice Elementalist began the quest
                  | for the Orb.
     0 | D:1      | Reached XP level 1. HP: 13/13 MP: 3/3
   139 | D:1      | Reached XP level 2. HP: 20/20 MP: 0/5
   207 | D:1      | Learned a level 2 spell: Throw Frost
   482 | D:1      | Reached skill level 1 in Conjurations
   656 | D:2      | Reached skill level 1 in Fighting
   656 | D:2      | Reached XP level 3. HP: 25/26 MP: 3/6
   657 | D:2      | Found a glowing golden altar of the Shining One.
  1271 | D:2      | Found a blossoming altar of Fedhas.
  1385 | D:2      | Reached XP level 4. HP: 32/32 MP: 3/7
  1783 | D:3      | Learned a level 4 spell: Summon Ice Beast
  2999 | D:3      | Reached XP level 5. HP: 38/38 MP: 3/8
  3592 | D:4      | Reached skill level 1 in Summonings
  3592 | D:4      | Reached XP level 6. HP: 35/44 MP: 5/10
  3721 | D:4      | Reached skill level 1 in Staves
  3721 | D:4      | Reached skill level 1 in Evocations
  3911 | D:4      | Reached skill level 5 in Ice Magic
  3921 | D:4      | Learned a level 4 spell: Throw Icicle
  4174 | D:5      | Entered Level 5 of the Dungeon
  4209 | D:5      | Found a shimmering altar of Xom.
  4269 | D:5      | Reached XP level 7. HP: 49/51 MP: 0/11
  4300 | D:5      | Found a snail-covered altar of Cheibriados.
  4300 | D:5      | Found a bloodstained altar of Trog.
  4352 | D:5      | Found a stormy altar of Qazlal.
  4515 | D:5      | Noticed Pikel
  4542 | D:5      | Killed Pikel
  4542 | D:5      | Reached skill level 5 in Dodging
  4542 | D:5      | Reached XP level 8. HP: 13/58 MP: 0/12
  4893 | D:4      | Found a shimmering altar of Xom.
  4913 | D:5      | Found Cirrel's Antique Weapon Shoppe.
  4920 | D:5      | Found Ufoijei's Armour Shop.
  4925 | D:5      | Bought a +0 pair of boots for 49 gold pieces
  5050 | D:5      | Found Sihoasag's General Store.
  5212 | D:5      | Found a staircase to the Ecumenical Temple.
  5221 | Temple   | Entered the Ecumenical Temple
  5257 | Temple   | Became a worshipper of Ashenzari the Shackled
  5714 | D:6      | HP: 2/90 [black bear (8)]
  5716 | D:6      | Slain by a black bear

Skill      XL: |  1  2  3  4  5  6  7 |
---------------+----------------------+-----
Dodging        | 3 4 5 |  5.6
Conjurations   | 1 2 |  2.9
Fighting       | 1 2 3 |  3.7
Ice Magic      | 4 5 |  5.0
Summonings     | 1 2 |  2.8
Staves         | 1 2 |  2.3
Evocations     | 1 2 |  2.8
Spellcasting   | 3 |  3.0
Stealth        | |  2.1

Action                   |  1- 3 |  4- 6 |  7- 9 || total
-------------------------+-------+-------+-------++-------
Melee: Dagger            |    41 |     2 |       ||    43
       Tailslap          |     1 |       |       ||     1
       Staff             |       |    72 |    83 ||   155
 Cast: Freeze            |    49 |    72 |    39 ||   160
       Throw Frost       |       |    21 |     7 ||    28
       Summon Ice Beast  |       |       |     3 ||     3
  Use: Scroll            |     9 |     5 |     1 ||    15
       Potion            |       |       |     4 ||     4
 Stab: Sleeping          |     4 |     2 |       ||     6
  Eat: Chunk             |     2 |    10 |     3 ||    15
       Ration            |       |       |     1 ||     1
Armor: Robe              |    21 |    12 |    19 ||    52
       Skin              |       |       |    39 ||    39
Dodge: Dodged            |    51 |    85 |   101 ||   237
       Deflected         |       |     1 |       ||     1
